 Dungeon Crawl Stone Soup version 0.17-a0-1479-g4041c36 (webtiles) character file.

8913 Geomchi the Basher (level 11, 53/58 HPs)
             Began as a Vine Stalker Fighter on July 3, 2015.
             Was a High Priest of Trog.
             Starved to death
             ... in a labyrinth.
             The game lasted 00:19:11 (9048 turns).

Geomchi the Basher (Vine Stalker Fighter)           Turns: 9048, Time: 00:19:11

Health: 53/58      AC: 10    Str: 20    XL:     11   Next: 38%
Magic:  12/12      EV: 12    Int:  8    God:    Trog [*****.]
Gold:   530        SH: 10    Dex: 16    Spells: 0 memorised, 10 levels left

rFire  . . .     SeeInvis .     p - +1 flail (crush)
rCold  . . .     Clarity  .     b - +0 scale mail
rNeg   . . .     SustAt   +     c - +0 shield
rPois  .         Gourm    .     q - +1 hat
rElec  .         Spirit   +     (no cloak)
rCorr  .         Warding  .     C - +0 pair of gloves
rMut   +         Stasis   .     (no boots)
MR     +....                    t - amulet of resist mutation
Stlth  +.........               G - ring of stealth
                                s - ring of sustain attributes

@: exhausted, starving, somewhat resistant to hostile enchantments, very
unstealthy
A: fangs 3, regeneration 2, magic shield, antimagic bite, no device heal 3, rot
immunity
a: Burn Spellbooks, Berserk, Trog's Hand, Brothers in Arms, Renounce Religion


You were in a labyrinth.
You worshipped Trog.
Trog was extremely pleased with you.
You were starving.

You visited 3 branches of the dungeon, and saw 11 of its levels.
You also visited: Labyrinth.

You collected 530 gold pieces.

Inventory:

Hand weapons
 p - a +1 flail of crushing (weapon)
Armour
 b - a +0 scale mail (worn)
 c - a +0 shield (worn)
 q - a +1 hat (worn)
 C - a +0 pair of gloves (worn)
Jewellery
 s - a ring of sustain attributes (left hand)
 t - an amulet of resist mutation (around neck)
 G - a ring of stealth (right hand)
Magical devices
 w - a wand of paralysis (11)
 x - a wand of confusion (26)
Scrolls
 f - 4 scrolls of teleportation
 i - 3 scrolls of blinking
 j - 2 scrolls of enchant weapon
 k - a scroll of magic mapping {unknown}
 v - 6 scrolls of remove curse
Potions
 a - a potion of magic
 d - a potion of cancellation
 h - 3 potions of flight
 l - a potion of degeneration {unknown}
 r - 4 potions of curing
 D - a potion of lignification {unknown}
 E - 2 potions of brilliance
Comestibles
 e - 7 bread rations {@e1}
 o - 4 meat rations {@e2}


   Skills:
 - Level 7.0 Fighting
 - Level 9.0 Maces & Flails
 + Level 8.1 Armour
 - Level 7.0 Dodging
 + Level 3.9 Shields


You had 10 spell levels left.
You didn't know any spells.

Dungeon Overview and Level Annotations

Branches:
Dungeon (8/15)             Temple (1/1) D:5            Lair (2/8) D:8

Altars:
Ashenzari
Cheibriados
Dithmenos
Elyvilon
Fedhas
Kikubaaqudgha
Makhleb
Okawaru
Ru
Sif Muna
Trog
Xom
Yredelemnul
Zin
The Shining One

Shops:
D:8 [

Annotations:
D:5 1 runed door


Innate Abilities, Weirdness & Mutations

You have razor-sharp teeth.
You heal very quickly.
When hurt, damage is shared between your health and your magic reserves.
Your bite disrupts and absorbs the magic of your enemies.
Potions and wands cannot restore your health.
You are immune to rotting.


Message History

You hit the hungry ghost. You bite the hungry ghost. You drain its power.
You feel invigorated.
You destroy the hungry ghost!
You block the hungry ghost's attack.
MP restored: 12 You miss the hungry ghost.
The hungry ghost hits you but does no damage.
The hungry ghost barely misses you.
You barely miss the hungry ghost. Your bite misses the hungry ghost.
The hungry ghost hits you.
You feel slightly more hungry.
You sock the hungry ghost! The hungry ghost completely misses you.
You block the hungry ghost's attack.
You miss the hungry ghost.
You feel yourself speed up.
The hungry ghost hits you but does no damage.
The hungry ghost closely misses you.
You sock the hungry ghost! You bite the hungry ghost. You drain its power.
You block the hungry ghost's attack.
You have starved to death.
You die...

.## ## ## #.
..#... .#
#.#####.# #
#.#.. #.#.# #
# #.#.#.#.#.
.# #.#
#...#.. . ..
# #
#...#.#..####
# .#
#..[#W#.. #
#?@.#. # . ..
# #.#...# .#
...#.### #
...#. .# . #
###.#.### ##
# .. #. ## #
#. . #


You could see a hungry ghost.

Vanquished Creatures
  Fannar (Lair:2)
  An unseen horror (Lab)
  A komodo dragon (D:8)
  A two-headed ogre (D:7)
  Grinder (D:6)
  A wandering mushroom (Lab)
  The ghost of Oper80 the Bolt Thrower, an average HEHu (D:5)
  Sigmund (D:6)
  A deep elf mage (D:7)
  5 yaks (D:8)
  3 hippogriffs
  3 hungry ghosts (Lab)
  4 basilisks (Lab)
  4 water moccasins
  A sky beast (D:8)
  3 porcupines
  A necrophage (D:6)
  5 ogres
  2 centaurs
  2 phantoms
  2 crocodiles
  Blork the orc (D:6)
  A big kobold (D:7)
  The ghost of Geomchi the Cudgeler, an average VSFi (D:3)
  7 giant frogs
  5 killer bees
  2 scorpions
  A hound (D:8)
  4 orc priests
  3 crimson imps
  A centaur skeleton (D:8)
  A centaur zombie (D:7)
  9 orc wizards
  A giant frog skeleton (D:5)
  A jelly (D:7)
  Jessica (D:2)
  3 iguanas
  4 sheep (Lair:1)
  6 worker ants
  2 hound skeletons
  9 gnolls
  18 adders
  13 river rats
  2 oozes
  2 adder zombies
  2 adder skeletons (D:7)
  5 worms
  4 giant geckos
  22 orcs
  2 ball pythons
  11 bats
  A bat zombie (D:6)
  5 giant cockroaches
  16 hobgoblins
  13 jackals
  3 quokkas
  5 giant newts
  11 goblins
  17 kobolds
  2 quokka zombies
  19 rats
  A plant (D:8)
281 creatures vanquished.

Vanquished Creatures (others)
  An orc (D:7)
  A goblin (D:7)
  A rat (D:7)
  A fungus (Lair:2)
  2 plants (D:8)
6 creatures vanquished.

Grand Total: 287 creatures vanquished

Notes
Turn   | Place    | Note
--------------------------------------------------------------
     0 | D:1      | Geomchi the Vine Stalker Fighter began the quest for the Orb.
     0 | D:1      | Reached XP level 1. HP: 11/11 MP: 2/2
    80 | D:1      | Reached XP level 2. HP: 11/16 MP: 3/3
   325 | D:1      | Reached skill level 3 in Maces & Flails
   353 | D:1      | Reached XP level 3. HP: 19/19 MP: 4/4
  1059 | D:2      | Noticed Jessica
  1069 | D:2      | Killed Jessica
  1069 | D:2      | Reached skill level 4 in Maces & Flails
  1069 | D:2      | Reached XP level 4. HP: 20/23 MP: 5/5
  1116 | D:2      | Found a bloodstained altar of Trog.
  1121 | D:2      | Became a worshipper of Trog the Wrathful
  1217 | D:2      | Found a shattered altar of Ashenzari.
  1425 | D:2      | Reached XP level 5. HP: 21/27 MP: 6/6
  1923 | D:3      | Noticed Geomchi's ghost (average VSFi)
  1932 | D:3      | Killed Geomchi's ghost
  1932 | D:3      | Reached skill level 5 in Maces & Flails
  2024 | D:3      | Found a glowing golden altar of the Shining One.
  2066 | D:3      | Acquired Trog's first power
  2098 | D:3      | Gained mutation: You heal very quickly. [Vine Stalker growth]
  2098 | D:3      | Reached XP level 6. HP: 32/32 MP: 7/7
  2235 | D:3      | Found a sacrificial altar of Ru.
  2341 | D:3      | Found an iron altar of Okawaru.
  2807 | D:4      | Reached skill level 6 in Maces & Flails
  2845 | D:4      | Acquired Trog's second power
  2908 | D:4      | Found a burning altar of Makhleb.
  2971 | D:4      | Found a glowing silver altar of Zin.
  2973 | D:4      | Found a deep blue altar of Sif Muna.
  3008 | D:4      | Reached XP level 7. HP: 16/36 MP: 8/8
  3800 | D:4      | Found a white marble altar of Elyvilon.
  3882 | D:5      | Entered Level 5 of the Dungeon
  3882 | D:5      | Noticed Oper80's ghost (average HEHu)
  3910 | D:5      | Killed Oper80's ghost
  3917 | D:5      | Reached skill level 7 in Maces & Flails
  3927 | D:4      | Gained mutation: You have razor-sharp teeth. [Vine Stalker growth]
  3927 | D:4      | Reached XP level 8. HP: 5/42 MP: 2/9
  4025 | D:5      | Reached skill level 5 in Fighting
  4167 | D:5      | Found a runed door.
  4167 | D:5      | Found a white marble altar of Elyvilon.
  4167 | D:5      | Noticed an angel
  4243 | D:5      | Found a staircase to the Ecumenical Temple.
  4288 | Temple   | Entered the Ecumenical Temple
  4602 | D:6      | Noticed Sigmund
  4603 | D:6      | Noticed Grinder
  4613 | D:6      | Killed Grinder
  4613 | D:6      | Reached skill level 8 in Maces & Flails
  4619 | D:6      | Killed Sigmund
  4619 | D:6      | Reached XP level 9. HP: 42/49 MP: 8/10
  4761 | D:6      | Noticed Blork the orc
  4771 | D:6      | Killed Blork the orc
  5374 | D:6      | Reached skill level 1 in Dodging
  5436 | D:6      | Reached skill level 9 in Maces & Flails
  5524 | D:7      | Found a shimmering altar of Xom.
  5536 | D:7      | Acquired Trog's third power
  5870 | D:7      | Received a gift from Trog
  6400 | D:7      | Reached XP level 10. HP: 55/55 MP: 11/11
  6478 | D:8      | Reached skill level 5 in Armour
  6543 | D:8      | Found Mote's Armour Shoppe.
  6569 | D:8      | Found a shattered altar of Ashenzari.
  6658 | D:8      | Found a staircase to the Lair.
  6693 | D:8      | HP: 3/82 [komodo dragon (19)]
  6707 | Lair:1   | Entered Level 1 of the Lair of Beasts
  6981 | D:8      | Reached skill level 5 in Dodging
  7052 | D:8      | Found a shadowy altar of Dithmenos.
  8249 | Lair:2   | Noticed Fannar
  8272 | Lair:2   | Killed Fannar
  8272 | Lair:2   | Reached XP level 11. HP: 58/58 MP: 12/12
  8290 | Lair:2   | Found a labyrinth entrance.
  8576 | Lab      | Entered a labyrinth
  8993 | Lab      | Killed an unseen horror
  9048 | Lab      | Starved to death

Vault maps used:
D:1:      saegor_arrival_simple_f, minmay_misc_feat_four_crosses, minivault_27
D:2:      lemuel_doored_altar, kennysheep_doodads, minmay_strange_pillars,
          nicolae_ashenzari_panopticon, uniq_jessica
D:3:      nicolae_ru_path_of_blood, okawaru_gym_becter, tso_metal_star
D:4:      lemuel_coloured_pillars_altar, lemuel_crystal_altar,
          nicolae_overflow_hidden_temple, first_bread
D:5:      minmay_temple_entry_statues_fountains, lemuel_angel_altar
D:6:      uniq_blork_the_orc, uniq_grinder, uniq_sigmund
D:7:      xom_confusion_cloud, grunt_decor_fettered
D:8:      kennysheep_little_box, overflow_temple_1_default, david_lair_shrubbed,
          serial_shops, shop_statue
Temple:   circular_temple_6
Lair:1:   grunt_megastairs_1
Lair:2:   special_room, lab_entry_generic, uniq_fannar
Lab:      nicolae_lab_statue, nicolae_lab_stuck, labyrinth_skeletal_remains,
          nicolae_lab_grate_2, nicolae_lab_plus, nicolae_lab_flowing_pool,
          nicolae_lab_arrow, lab_fountain

Action                   |  1- 3 |  4- 6 |  7- 9 | 10-12 || total
-------------------------+-------+-------+-------+-------++-------
Melee: Flail             |   103 |   186 |   320 |   321 ||   930
Invok: Berserk           |       |     1 |     6 |     4 ||    11
       Burn Spellbooks   |       |       |       |     1 ||     1
       Trog's Hand       |       |       |       |     2 ||     2
  Use: Potion            |       |       |     1 |     1 ||     2
       Scroll            |       |       |       |    18 ||    18
  Eat: Chunk             |       |     8 |    16 |    11 ||    35
       Beef jerky        |       |       |       |     2 ||     2
